 Dungeon Sprint DCSS version 0.20.1-1-g8b1a95d (webtiles) character file.

0 potatolord6000 the Caller (level 1, -1/15 HPs)
             Began as a Hill Orc Summoner on Sept 8, 2017.
             Was an Initiate of Beogh.
             Slain by an adder (5 damage)
             ... in the Dungeon (Sprint VII: "The Pits").
             The game lasted 00:01:45 (117 turns).

potatolord6000 the Caller (Hill Orc Summoner)        Turns: 117, Time: 00:01:46

Health: -1/15      AC:  2    Str: 10    XL:     1   Next: 10%
Magic:  2/3        EV: 12    Int: 15    God:    Beogh [......]
Gold:   0          SH:  0    Dex: 11    Spells: 2/3 levels left

rFire    . . .     SeeInvis .   p - +2 hand axe
rCold    . . .     Gourm    .   (no shield)
rNeg     . . .     Faith    .   a - +0 robe
rPois    .         Spirit   .   (no helmet)
rElec    .         Reflect  .   (no cloak)
rCorr    .         Harm     .   (no gloves)
MR       .....     NoTele   +   (no boots)
Stlth    ++........             (no amulet)
Regen    0.1/turn               (no ring)
MPRegen  0.1/turn               (no ring)

@: no status effects
A: no striking features
a: Renounce Religion


You were in the Dungeon.
You worshipped Beogh.
Beogh was noncommittal.
You were not hungry.

You visited 1 branch

Inventory:

Hand Weapons
 p - a +2 hand axe (weapon)
Armour
 a - a +0 robe (worn)
Scrolls
 i - a scroll of blinking
 k - 3 scrolls of remove curse
 l - 5 scrolls of amnesia
 m - a scroll of summoning
Potions
 e - a potion of heal wounds
 f - a potion of haste
 g - 4 potions of magic
 h - 3 potions of berserk rage
 j - 2 potions of invisibility
Books
 b - a book of Callings

   Spells                             Type                      Level
   a - Summon Small Mammal            Summoning                    1
   b - Call Imp                       Summoning                    2
   c - Call Canine Familiar           Summoning                    3
   d - Summon Guardian Golem          Hexes/Summoning              3
   e - Summon Lightning Spire         Summoning/Air                4
   f - Summon Ice Beast               Ice/Summoning                4
Comestibles
 c - 8 bread rations
 n - 40 fruits
 o - 7 meat rations


   Skills:
 + Level 0.5 Fighting
 + Level 0.0 Axes
 - Level 1.7 Dodging
 - Level 1.5 Stealth
 + Level 1.7 Spellcasting
 + Level 4.0 Summonings
 + Level 0.0 Invocations


You had 2 spell levels left.
You knew the following spells:

 Your Spells              Type           Power        Failure   Level  Hunger
a - Summon Small Mammal   Summ           ##..         4%          1    ##.....


Dungeon Overview and Level Annotations

Branches:
Dungeon (1/1)

Altars:
Ashenzari
Cheibriados
Dithmenos
Elyvilon
Fedhas
Gozag
Hepliaklqana
Kikubaaqudgha
Makhleb
Nemelex Xobeh
Okawaru
Qazlal
Ru
Sif Muna
Trog
Uskayaw
Vehumet
Xom
Yredelemnul
Zin
The Shining One
Beogh
Jiyva
Lugonu


Message History

The adder barely misses you.
Your bat closely misses the adder.
The adder bites you.
Your bat barely misses the adder.
The adder bites you.
Your bat hits the adder.
Your bat hits the adder but does no damage.
Your bat barely misses the adder.
Your bat closely misses the adder.
The adder misses you.
You completely miss the adder.
The adder is moderately wounded.
You hit the adder. The adder misses you.
Your bat closely misses the adder.
The adder bites you.
* * * LOW HITPOINT WARNING * * *
The adder barely misses you.
Your bat hits the adder but does no damage.
The adder closely misses you.
You miss the adder.
The adder is moderately wounded.
You closely miss the adder.
Your bat closely misses the adder.
The adder barely misses you. The adder bites you.
You die...

### _.# _.#
..###########++######
#'##................#
'.##......#..#......#
#.##........b..S....+
...((...(......S@...+
####......#..#......#
#................# #
####'#####++###### #
#.......# #.......#
#.......# #...<...#
#.......#


You could see 2 adders and a friendly bat.

Vanquished Creatures (collateral kills)
  A kobold (D)
1 creature vanquished.

Notes
Turn   | Place    | Note
-------+----------+-------------------------------------------
     0 | D        | potatolord6000 the Hill Orc Summoner began the quest for the Orb.
     0 | D        | Reached XP level 1. HP: 14/14 MP: 3/3
    57 | D        | Found a bloodstained altar of Trog.
    57 | D        | Found a deep blue altar of Sif Muna.
    57 | D        | Found a viscous altar of Jiyva.
    57 | D        | Found a hazy altar of Hepliaklqana.
    57 | D        | Found an opulent altar of Gozag.
    58 | D        | Found a glowing golden altar of the Shining One.
    58 | D        | Found a glowing silver altar of Zin.
    58 | D        | Found a basalt altar of Yredelemnul.
    58 | D        | Found a shimmering altar of Xom.
    58 | D        | Found a sacrificial altar of Ru.
    58 | D        | Found a stormy altar of Qazlal.
    58 | D        | Found an iron altar of Okawaru.
    58 | D        | Found a sparkling altar of Nemelex Xobeh.
    58 | D        | Found a burning altar of Makhleb.
    58 | D        | Found a blossoming altar of Fedhas.
    58 | D        | Found a white marble altar of Elyvilon.
    58 | D        | Found a shadowy altar of Dithmenos.
    58 | D        | Found a snail-covered altar of Cheibriados.
    60 | D        | Found a radiant altar of Vehumet.
    60 | D        | Found a corrupted altar of Lugonu.
    60 | D        | Found a roughly hewn altar of Beogh.
    61 | D        | Found a hide-covered altar of Uskayaw.
    61 | D        | Found an ancient bone altar of Kikubaaqudgha.
    61 | D        | Found a shattered altar of Ashenzari.
    70 | D        | Became a worshipper of Beogh the Brigand
   117 | D        | Slain by an adder

Action                   || total
-------------------------++-------
Melee: Hand axe          ||     7
 Cast: Summon Small Mamm ||     6
  Use: Potion            ||     1
Armor: Robe              ||     1
Dodge: Dodged            ||    19
